 Dungeon Crawl Stone Soup version 0.26-a0-663-g36e8fdb655 (webtiles) character file.

Game seed: 15195889346576612193

10618 robertstho the Frost Mage (level 11, -9/83 HPs)
             Began as a Gnoll Ice Elementalist on Oct 12, 2020.
             Was a Priest of Sif Muna.
             Mangled by an unseen horror (10 damage)
             ... on level 11 of the Dungeon.
             The game lasted 00:23:01 (12091 turns).

robertstho the Frost Mage (Gnoll Ice Elementalist) Turns: 12091, Time: 00:23:02

Health: -9/83      AC:  5    Str:  9 (10) XL:     11   Next: 64%
Magic:  5/23       EV: 20    Int: 20      God:    Sif Muna [***...]
Gold:   542        SH:  0    Dex: 17      Spells: 11/26 levels left

rFire    x . .     SeeInvis .   m - +4 dire flail (holy)
rCold    + . .     Faith    .   (shield currently unavailable)
rNeg     . . .     Spirit   .   a - +0 robe
rPois    .         Reflect  .   (no helmet)
rElec    .         Harm     .   q - +0 cloak
rCorr    .         Rampage  .   (no gloves)
MR       .....                  l - +0 pair of boots
Stlth    ++++......             x - amulet of regeneration
HPRegen  0.63/turn              k - ring of ice
MPRegen  0.18/turn              B - ring of flight

@: frozen ramparts
A: distributed training, fangs 1, repulsion field 1, deterioration 1, sense
surroundings 1, strong nose
a: Channel Magic, Forget Spell, Renounce Religion, Evoke Flight


You were on level 11 of the Dungeon.
You worshipped Sif Muna.
Sif Muna was most pleased with you.
You visited 2 branches of the dungeon, and saw 12 of its levels.

You collected 832 gold pieces.
You spent 290 gold pieces at shops.

Inventory:

Hand Weapons
 m - a +4 dire flail of holy wrath (weapon)
 y - a +1 whip of electrocution
Missiles
 G - 6 javelins (quivered)
Armour
 a - a +0 robe (worn)
 l - a +0 pair of boots (worn)
 q - a +0 cloak (worn)
 M - +0 acid dragon scales
Magical Staves
 J - an uncursed staff of earth
Jewellery
 k - a ring of ice (left hand)
 x - an amulet of regeneration (around neck)
 B - a ring of flight (right hand)
Wands
 i - a wand of paralysis (9)
 u - a wand of iceblast (5)
 N - a wand of disintegration (8)
Scrolls
 c - 12 scrolls of teleportation
 d - a scroll of enchant weapon {unknown}
 f - a scroll of identify
 h - 7 scrolls of amnesia
 n - 8 scrolls of fog
 s - 2 scrolls of immolation
 t - 5 scrolls of remove curse
 w - a scroll of fear {unknown}
 A - a scroll of noise {unknown}
 F - a scroll of blinking {unknown}
 H - 5 scrolls of enchant armour {unknown}
 K - a scroll of brand weapon {unknown}
Potions
 b - 2 potions of brilliance
 e - 4 potions of stabbing
 g - 2 potions of ambrosia {unknown}
 j - a potion of berserk rage
 o - a potion of resistance
 r - 3 potions of mutation
 v - 3 potions of heal wounds
 z - 2 potions of curing
 C - 2 potions of might
 E - 2 potions of haste
 L - a potion of flight
 O - a potion of lignification
 P - a potion of cancellation


   Skills:
 + Level 6.5 Fighting
 + Level 6.5 Short Blades
 + Level 6.5 Long Blades
 + Level 6.5 Axes
 + Level 6.5 Maces & Flails
 + Level 6.5 Polearms
 + Level 6.5 Staves
 + Level 6.5 Slings
 + Level 6.5 Bows
 + Level 6.5 Crossbows
 + Level 6.5 Throwing
 + Level 6.5 Armour
 + Level 8.0 Dodging
 + Level 7.8 Stealth
 + Level 6.5 Shields
 + Level 6.5 Unarmed Combat
 + Level 8.3 Spellcasting
 + Level 5.3 Conjurations
 + Level 5.3 Hexes
 + Level 5.3 Summonings
 + Level 5.3 Necromancy
 + Level 5.3 Translocations
 + Level 5.3 Transmutations
 + Level 5.3 Fire Magic
 + Level 9.0 Ice Magic
 + Level 5.3 Air Magic
 + Level 5.3 Earth Magic
 + Level 5.3 Poison Magic
 + Level 7.1 Invocations
 + Level 6.5 Evocations


You had 11 spell levels left.
You knew the following spells:

 Your Spells              Type           Power        Failure   Level
a - Freeze                Ice            ####         1%          1
b - Frozen Ramparts       Ice            ######       1%          3
c - Ozocubu's Armour      Ice            ######..     1%          3
d - Hailstorm             Conj/Ice       ######..     4%          4
e - Summon Ice Beast      Ice/Summ       ######..     4%          4

Your spell library contained the following spells:

 Spells                   Type           Power        Failure   Level
 Animate Skeleton         Necr           ####..       1%          1
 Apportation              Tloc           ####..       1%          1
 Beastly Appendage        Tmut           ####..       1%          1
 Corona                   Hex            ####...      1%          1
 Summon Small Mammal      Summ           ####         1%          1
 Ensorcelled Hibernation  Hex/Ice        ######       1%          2
 Wereblood                Tmut           ####....     1%          2
 Confusing Touch          Hex            ####....     2%          3
 Dazzling Flash           Conj/Hex       ####..       2%          3
 Spider Form              Tmut/Pois      ####......   2%          3
 Tukima's Dance           Hex            ####....     2%          3
 Ice Form                 Ice/Tmut       ######..     4%          4
 Blade Hands              Tmut           ####......   26%         5


Dungeon Overview and Level Annotations

Branches:
Dungeon (11/15)            Temple (1/1) D:7             Orc (0/2) D:11
   Lair: D:8-11

Altars:
Ashenzari
Cheibriados
Dithmenos
Elyvilon
Fedhas
Gozag
Kikubaaqudgha
Okawaru
Qazlal
Sif Muna
Uskayaw
Vehumet
Wu Jian
Xom
Yredelemnul
Zin
The Shining One

Shops:
D:5 *   D:6 !   D:7 }   D:9 [


Innate Abilities, Weirdness & Mutations

Your experience applies equally to all skills.
You have very sharp teeth.
Your uncanny sense of smell can sniff out nearby items.
You are surrounded by a mild repulsion field. (EV +2)
Your body sometimes deteriorates upon taking damage.
You passively map a small area around you.


Message History

r - Retreat! s - Stop attacking. g - Guard the area. f - Follow me.
Anything else - Cancel.
Gang up on whom?
Press: ? - help, Dir - move target cursor, f - centaur
Aim: a centaur, wielding a -2 shortbow and quivering 3 arrows (severely wounded) Attack!
Something hits you but does no damage.
Unknown command.
Something hits you!
* * * LOW HITPOINT WARNING * * *
The centaur shoots an arrow.
The arrow hits your ice beast!
Your ice beast dies!
Your ice beast closely misses the centaur.
You thump the centaur!
You kill the centaur!
Sif Muna accepts your kill. Something hits you!
* * * LOW HITPOINT WARNING * * *
You start resting.
Something hits you!
You die...

, *##.....###.....##...... ∆
#...?...#.......#......
#.......#.......#.##### ,,
,#.......#.......#.# # *
#.....###.....##.# # *#g ∆*
#...# ##...##..#####
.##'#######'#######†##......).
*
......)).).)Y((........######.
......).....)@.........# #) *
....))))(..(.....)†....######.
.##'#######'#######'####...##.
#. ##...## ##...##.....#. . ,
##.....###.....##...... ,
,∆#.......#.......#...... , ,,
#.......#.......#...... *
∆,,,#...)...#.......#...... ,
##.....###.....##......


You could see a friendly ice beast (summoned).

Vanquished Creatures
  Pikel (D:4)
  Joseph (D:9)
  A gargoyle (D:10)
  Grinder (D:4)
  A meliai zombie (D:10)
  11 yaks
  Eustachio (D:4)
  Edmund (D:5)
  4 orc warriors
  A black bear (D:7)
  An ice beast (D:11)
  2 sky beasts
  A necrophage (D:11)
  An ogre (D:4)
  2 phantoms
  3 wolves (D:9)
  8 centaurs
  Blork the orc (D:6)
  2 bullfrogs
  2 gnoll sergeants
  A scorpion (D:11)
  5 killer bees (D:8)
  7 wights
  2 howler monkeys
  A bullfrog zombie (D:9)
  7 hounds
  6 jellies
  A crimson imp (D:7)
  6 orc priests
  Crazy Yiuf (D:2)
  2 centaur skeletons (D:6)
  6 orc wizards
  3 bullfrog skeletons
  3 iguanas
  6 worker ants
  2 hound zombies
  A hound skeleton (D:7)
  2 worker ant zombies
  10 gnolls
  13 adders
  2 shadow imps
  3 ufetubi
  An adder zombie (D:7)
  2 adder skeletons
  4 worms
  A dart slug (D:4)
  2 leopard geckos
  33 orcs
  3 giant cockroaches
  2 goblins (D:1)
  12 hobgoblins
  2 jackals (D:3)
  6 kobolds
  5 quokkas
  3 ball pythons
  10 bats
  3 frilled lizards
  A goblin skeleton (D:7)
  2 goblin zombies (D:7)
  A hobgoblin zombie (D:7)
  A kobold skeleton (D:7)
  An orc skeleton (D:7)
  An orc zombie (D:7)
  2 quokka skeletons
  A quokka zombie (D:7)
  11 rats
246 creatures vanquished.

Vanquished Creatures (collateral kills)
  2 two-headed ogres (D:11)
  Maggie (D:9)
  A centaur skeleton (D:11)
  A wraith (D:10)
  Grum (D:9)
  8 yaks (D:9)
  2 ice beasts (D:8)
  A sky beast (D:8)
  2 ogres
  A centaur (D:9)
  A lemure (D:4)
  A gnoll sergeant (D:9)
  2 bullfrogs
  A scorpion (D:9)
  4 killer bees (D:8)
  2 wights
  An orc wizard (D:11)
  3 gnolls
  A shadow imp (D:9)
  A white imp (D:10)
  A leopard gecko (D:4)
  3 orcs
41 creatures vanquished.

Grand Total: 287 creatures vanquished

Notes
Turn   | Place    | Note
-------+----------+-------------------------------------------
     0 | D:1      | robertstho the Gnoll Ice Elementalist began the quest for
                  | the Orb.
     0 | D:1      | Reached XP level 1. HP: 13/13 MP: 6/6
    71 | D:1      | Reached XP level 2. HP: 8/19 MP: 0/7
   894 | D:1      | Reached XP level 3. HP: 19/25 MP: 9/9
   990 | D:1      | Reached skill level 5 in Spellcasting
  1121 | D:2      | Reached skill level 1 in Invocations
  1190 | D:1      | Learned a level 3 spell: Frozen Ramparts
  1194 | D:1      | Learned a level 3 spell: Ozocubu's Armour
  1624 | D:2      | Reached skill level 1 in Fighting
  1624 | D:2      | Reached skill level 1 in Short Blades
  1624 | D:2      | Reached skill level 1 in Long Blades
  1624 | D:2      | Reached skill level 1 in Axes
  1624 | D:2      | Reached skill level 1 in Maces & Flails
  1624 | D:2      | Reached skill level 1 in Polearms
  1624 | D:2      | Reached skill level 1 in Staves
  1624 | D:2      | Reached skill level 1 in Slings
  1624 | D:2      | Reached skill level 1 in Bows
  1624 | D:2      | Reached skill level 1 in Crossbows
  1624 | D:2      | Reached skill level 1 in Throwing
  1624 | D:2      | Reached skill level 1 in Armour
  1624 | D:2      | Reached skill level 1 in Shields
  1624 | D:2      | Reached skill level 1 in Unarmed Combat
  1624 | D:2      | Reached skill level 1 in Evocations
  1826 | D:2      | Reached XP level 4. HP: 32/32 MP: 7/11
  2003 | D:2      | Reached skill level 1 in Conjurations
  2003 | D:2      | Reached skill level 1 in Hexes
  2003 | D:2      | Reached skill level 1 in Summonings
  2003 | D:2      | Reached skill level 1 in Necromancy
  2003 | D:2      | Reached skill level 1 in Translocations
  2003 | D:2      | Reached skill level 1 in Transmutations
  2003 | D:2      | Reached skill level 1 in Fire Magic
  2003 | D:2      | Reached skill level 1 in Air Magic
  2003 | D:2      | Reached skill level 1 in Earth Magic
  2003 | D:2      | Reached skill level 1 in Poison Magic
  2223 | D:2      | Reached XP level 5. HP: 37/37 MP: 8/12
  2614 | D:2      | Found a runed translucent door.
  2615 | D:2      | Noticed Crazy Yiuf
  2622 | D:2      | Killed Crazy Yiuf
  2888 | D:3      | Found a faded altar of an unknown god.
  3149 | D:3      | Reached XP level 6. HP: 44/44 MP: 13/13
  3173 | D:3      | Found a stormy altar of Qazlal.
  3350 | D:4      | Found an opulent altar of Gozag.
  3352 | D:4      | Found a radiant altar of Vehumet.
  3431 | D:4      | Reached skill level 5 in Dodging
  3485 | D:4      | Noticed Grinder
  3499 | D:4      | Gained mutation: Your body sometimes deteriorates upon
                  | taking damage. [potion of mutation]
  3499 | D:4      | Gained mutation: You passively map a small area around you.
                  | [potion of mutation]
  3499 | D:4      | Gained mutation: You are surrounded by a mild repulsion
                  | field. (EV +2) [potion of mutation]
  3499 | D:4      | HP: 2/44 [Grinder (4)]
  3511 | D:5      | Entered Level 5 of the Dungeon
  3517 | D:5      | Learned a level 4 spell: Hailstorm
  3522 | D:5      | Learned a level 4 spell: Summon Ice Beast
  3595 | D:5      | Noticed Edmund
  3615 | D:5      | Killed Edmund
  3615 | D:5      | Reached XP level 7. HP: 28/50 MP: 10/15
  3765 | D:5      | Found an iron altar of Okawaru.
  3842 | D:5      | Found Miesm's General Store.
  3851 | D:5      | Bought a scroll of fog for 28 gold pieces
  3851 | D:5      | Bought a potion of heal wounds for 70 gold pieces
  3851 | D:5      | Bought a scroll of amnesia for 49 gold pieces
  4233 | D:5      | Reached skill level 5 in Stealth
  4670 | D:4      | Found a glowing silver altar of Zin.
  4670 | D:4      | Found a shadowy altar of Dithmenos.
  4673 | D:4      | Found a hide-covered altar of Uskayaw.
  4944 | D:4      | Paralysed by Grinder for 2 turns
  4953 | D:4      | Paralysed by Grinder for 2 turns
  4955 | D:4      | Noticed Pikel
  4956 | D:4      | Killed Grinder
  4956 | D:4      | Reached XP level 8. HP: 35/58 MP: 8/16
  4964 | D:4      | Killed Pikel
  5244 | D:4      | Noticed Eustachio
  5253 | D:4      | Killed Eustachio
  5958 | D:6      | Found Iveul's Distillery.
  5961 | D:6      | Reached XP level 9. HP: 65/65 MP: 14/18
  5964 | D:6      | Bought a potion of degeneration for 13 gold pieces
  5964 | D:6      | Bought a potion of haste for 130 gold pieces
  5994 | D:6      | Found a shadowy altar of Dithmenos.
  6001 | D:6      | Noticed Blork the orc
  6011 | D:6      | Killed Blork the orc
  6213 | D:6      | Found a basalt altar of Yredelemnul.
  6213 | D:6      | Found a broken altar of Ashenzari.
  6216 | D:6      | Found a white marble altar of Elyvilon.
  6266 | D:6      | Found a blossoming altar of Fedhas.
  6491 | D:7      | Found a staircase to the Ecumenical Temple.
  6517 | Temple   | Entered the Ecumenical Temple
  6618 | Temple   | Became a worshipper of Sif Muna the Loreminder
  6704 | D:7      | Found an ancient bone altar of Kikubaaqudgha.
  7072 | D:7      | Found Nasenu Ymaph's Gadget Shop.
  7145 | D:7      | Reached skill level 8 in Ice Magic
  7369 | D:7      | Found a glowing golden altar of the Shining One.
  7394 | D:7      | Reached * piety under Sif Muna
  7659 | D:8      | Reached skill level 5 in Invocations
  8045 | D:8      | Reached XP level 10. HP: 73/73 MP: 13/20
  8099 | D:8      | You fall into a shaft and drop 1 floor!
  8104 | D:9      | Noticed Maggie
  8108 | D:9      | Reached skill level 5 in Fighting
  8108 | D:9      | Reached skill level 5 in Short Blades
  8108 | D:9      | Reached skill level 5 in Long Blades
  8108 | D:9      | Reached skill level 5 in Axes
  8108 | D:9      | Reached skill level 5 in Maces & Flails
  8108 | D:9      | Reached skill level 5 in Polearms
  8108 | D:9      | Reached skill level 5 in Staves
  8108 | D:9      | Reached skill level 5 in Slings
  8108 | D:9      | Reached skill level 5 in Bows
  8108 | D:9      | Reached skill level 5 in Crossbows
  8108 | D:9      | Reached skill level 5 in Throwing
  8108 | D:9      | Reached skill level 5 in Armour
  8108 | D:9      | Reached skill level 5 in Shields
  8108 | D:9      | Reached skill level 5 in Unarmed Combat
  8108 | D:9      | Reached skill level 5 in Evocations
  8116 | D:9      | Killed Maggie
  8129 | D:9      | Noticed Joseph
  8462 | D:8      | Reached ** piety under Sif Muna
  8978 | D:9      | Killed Joseph
  9046 | D:9      | Found Vuokh's Antique Armour Shoppe.
  9193 | D:9      | Noticed Grum
  9203 | D:9      | Killed Grum
  9328 | D:9      | Found a shimmering altar of Xom.
  9558 | D:9      | Reached XP level 11. HP: 49/81 MP: 1/22
  9960 | D:10     | Entered Level 10 of the Dungeon
  9972 | D:10     | Found a snail-covered altar of Cheibriados.
 10382 | D:10     | Reached skill level 5 in Conjurations
 10382 | D:10     | Reached skill level 5 in Hexes
 10382 | D:10     | Reached skill level 5 in Summonings
 10382 | D:10     | Reached skill level 5 in Necromancy
 10382 | D:10     | Reached skill level 5 in Translocations
 10382 | D:10     | Reached skill level 5 in Transmutations
 10382 | D:10     | Reached skill level 5 in Fire Magic
 10382 | D:10     | Reached skill level 5 in Air Magic
 10382 | D:10     | Reached skill level 5 in Earth Magic
 10382 | D:10     | Reached skill level 5 in Poison Magic
 10475 | D:10     | Reached *** piety under Sif Muna
 11481 | D:11     | Noticed a two-headed ogre
 11493 | D:11     | Killed a two-headed ogre
 11739 | D:11     | Found a staircase to the Orcish Mines.
 11880 | D:11     | Noticed a two-headed ogre
 11907 | D:11     | Killed a two-headed ogre
 11907 | D:11     | Reached skill level 9 in Ice Magic
 12090 | D:11     | HP: 1/83 [something (10)]
 12091 | D:11     | Mangled by an unseen horror

Illustrated notes

Levels and vault maps discovered:
D:1:      minmay_arrival_loop, layout_basic
D:2:      layout_loops_corners, uniq_crazy_yiuf_cottage
D:3:      layout_rooms, nicolae_qazlal_eye_of_the_storm,
          chequers_ecumenical_altar_simple, grunt_ministairs_9
D:4:      layout_loops_corners, nicolae_overflow_hidden_temple,
          serial_bayou_ford_a, uniq_pikel, uniq_grinder, uniq_eustachio
D:5:      layout_layer_cave, okawaru_trees_1, serial_shops,
          nicolae_shop_crystal, uniq_edmund
D:6:      layout_rooms, minitemple, nicolae_overflow_crystal_walls,
          serial_shops, nicolae_shop_behind_doors, serial_curves,
          eino_curves_02, eino_curves_02, grunt_dithmenos_smoke_and_mirrors,
          uniq_blork_the_orc
D:7:      layout_loops_corners, lemuel_crystal_altar,
          nicolae_tso_besieged_by_evil, minmay_temple_entry_arrows,
          serial_shops, shop
D:8:      layout_rooms, lemuel_flame_loot_1
D:9:      layout_cave_pools, serial_shops, shop, xom_teletrap_fun, uniq_grum,
          uniq_maggie, uniq_joseph
D:10:     layout_loops_ring, minmay_variable_closet, cheibriados_altar_1
D:11:     kennysheep_six_static_rooms, layout_loops_cross,
          minmay_lair_entry_grove, orc_0_dummy, gammafunk_ghost_hydra_chop
Temple:   nicolae_temple_figure_zero

Skill      XL: |  1  2  3  4  5  6  7  8  9 10 11 |
---------------+----------------------------------+-----
Spellcasting   | 5 6 7 8 |  8.3
Invocations    | 1 2 3 4 5 6 7 |  7.1
Fighting       | 1 2 3 4 5 6 |  6.5
Short Blades   | 1 2 3 4 5 6 |  6.5
Long Blades    | 1 2 3 4 5 6 |  6.5
Axes           | 1 2 3 4 5 6 |  6.5
Maces & Flails | 1 2 3 4 5 6 |  6.5
Polearms       | 1 2 3 4 5 6 |  6.5
Staves         | 1 2 3 4 5 6 |  6.5
Slings         | 1 2 3 4 5 6 |  6.5
Bows           | 1 2 3 4 5 6 |  6.5
Crossbows      | 1 2 3 4 5 6 |  6.5
Throwing       | 1 2 3 4 5 6 |  6.5
Armour         | 1 2 3 4 5 6 |  6.5
Shields        | 1 2 3 4 5 6 |  6.5
Unarmed Combat | 1 2 3 4 5 6 |  6.5
Evocations     | 1 2 3 4 5 6 |  6.5
Conjurations   | 1 2 3 4 5 |  5.3
Hexes          | 1 2 3 4 5 |  5.3
Summonings     | 1 2 3 4 5 |  5.3
Necromancy     | 1 2 3 4 5 |  5.3
Translocations | 1 2 3 4 5 |  5.3
Transmutations | 1 2 3 4 5 |  5.3
Fire Magic     | 1 2 3 4 5 |  5.3
Air Magic      | 1 2 3 4 5 |  5.3
Earth Magic    | 1 2 3 4 5 |  5.3
Poison Magic   | 1 2 3 4 5 |  5.3
Dodging        | 5 6 7 8 |  8.0
Stealth        | 5 6 7 |  7.8
Ice Magic      | 8 9 |  9.0

Action                   |  1- 3 |  4- 6 |  7- 9 | 10-12 || total
-------------------------+-------+-------+-------+-------++-------
Melee: Unarmed           |    14 |       |       |       ||    14
       Bite              |     5 |     4 |    18 |    20 ||    47
       Whip              |    23 |    70 |       |       ||    93
       Dagger            |     4 |       |       |       ||     4
       Punch             |       |     1 |       |       ||     1
       Dire flail        |       |       |   122 |    84 ||   206
       Executioner's axe |       |       |       |    48 ||    48
 Cast: Freeze            |    20 |       |       |     1 ||    21
       Frozen Ramparts   |     6 |    19 |    23 |    46 ||    94
       Summon Ice Beast  |       |       |    19 |    41 ||    60
Invok: Channel Magic     |       |       |     1 |     2 ||     3
  Use: Potion            |       |     3 |       |       ||     3
       Scroll            |       |       |     8 |     6 ||    14
 Stab: Sleeping          |     4 |     7 |     6 |     4 ||    21
       Distracted        |       |       |     2 |     1 ||     3
Armor: Robe              |    12 |    23 |    13 |    29 ||    77
Dodge: Dodged            |    44 |    86 |   132 |   203 ||   465

Table legend: (Time is in decaauts)
 A = Elapsed time spent in this place.
 B = Non-inter-level travel time spent in this place.
 C = Inter-level travel time spent in this place.
 D = Time resting spent in this place.
 E = Time spent auto-exploring this place.
 F = Levels seen in this place.
 G = Mean time per level.
                   A        B        C        D        E       F      G
               +--------+--------+--------+--------+--------+-----+--------+
         Total |  12157 |  11506 |    651 |    932 |   8461 |  12 | 1013.1 |
       Dungeon |  12043 |  11404 |    639 |    932 |   8365 |  11 | 1094.8 |
        Temple |    113 |    101 |     12 |      0 |     96 |   1 |  113.0 |
               +--------+--------+--------+--------+--------+-----+--------+

Top non-repeatable levels by time:
     D:1: 1428 daAuts
     D:8: 1323 daAuts
     D:5: 1273 daAuts
     D:2: 1247 daAuts
    D:10: 1242 daAuts
     D:4: 1113 daAuts
     D:9: 1101 daAuts
     D:7: 1055 daAuts
     D:6: 886 daAuts
    D:11: 724 daAuts
     D:3: 646 daAuts
  Temple: 113 daAuts
